 Dungeon Crawl Stone Soup version 0.21.1-1-g345015f (webtiles) character file.

39 Monsterracer the Conjurer (level 3, -8/24 HPs)
             Began as a Human Wizard on Mar 14, 2018.
             Mangled by a worm (12 damage)
             ... on level 2 of the Dungeon.
             The game lasted 00:02:19 (2206 turns).

Monsterracer the Conjurer (Human Wizard)            Turns: 2206, Time: 00:02:20

Health: -8/24      AC:  2    Str:  7    XL:     3   Next: 67%
Magic:  0/7        EV: 12    Int: 19    God:
Gold:   13         SH:  0    Dex: 11    Spells: 2/8 levels left

rFire    . . .     SeeInvis .   h - +0 dagger
rCold    . . .     Gourm    .   (no shield)
rNeg     . . .     Faith    .   a - +0 robe
rPois    .         Spirit   .   b - +0 hat
rElec    .         Reflect  .   (no cloak)
rCorr    .         Harm     .   (no gloves)
MR       .....                  (no boots)
Stlth    ++........             (no amulet)
HPRegen  0.08/turn              (no ring)
MPRegen  0.10/turn              (no ring)

@: no status effects
A: no striking features
a: no special abilities


You were on level 2 of the Dungeon.
You were near starving.

You visited 1 branch of the dungeon, and saw 2 of its levels.

You collected 13 gold pieces.

Inventory:

Hand Weapons
 h - a +0 dagger (weapon)
 m - a +0 flail
Armour
 a - a +0 robe (worn)
 b - a +0 hat (worn)
 f - a +2 buckler
 l - a +2 buckler
Scrolls
 g - 2 scrolls of remove curse {unknown}
 i - a scroll of enchant armour {unknown}
 j - a scroll of identify {unknown}
 k - a scroll of amnesia {unknown}
Potions
 e - a potion of mutation {unknown}
Books
 d - a book of Minor Magic

   Spells                             Type                      Level
   a - Magic Dart                     Conjuration                  1
   b - Blink                          Translocation                2
   c - Call Imp                       Summoning                    2
   d - Slow                           Hexes                        2
   e - Conjure Flame                  Conjuration/Fire             3
   f - Mephitic Cloud                 Conjuration/Poison/Air       3
Comestibles
 c - 2 rations


   Skills:
 - Level 2.0 Dodging
 - Level 2.0 Stealth
 - Level 3.0 Spellcasting
 + Level 3.2 Conjurations
   Level 1.0 Summonings
 - Level 1.0 Translocations


You had 2 spell levels left.
You knew the following spells:

 Your Spells              Type           Power        Failure   Level  Hunger
a - Magic Dart            Conj           ###.         4%          1    None
b - Conjure Flame         Conj/Fire      #.......     24%         3    ###....
e - Blink                 Tloc           N/A          16%         2    ##.....


Dungeon Overview and Level Annotations

Branches:
Dungeon (2/15)

Altars:


Message History

Aim: a worm (almost dead)
The magic dart hits the worm.
You kill the worm!
You now have 0/7 mp.
You are near starving!
You regained 3 hp, and now have 18/24 hp.
You regained 4 mp, and now have 4/7 mp.
Found a stone staircase leading down.
Health restored: 24; MP restored: 7
Casting: Magic Dart
Confirm with . or Enter, or press ? or * to list all spells.
Okay, then.
A worm comes into view.
A worm is nearby!
A worm is nearby!
Casting: Magic Dart
Confirm with . or Enter, or press ? or * to list all spells.
Aiming: Magic Dart
Press: ? - help, Shift-Dir - straight line, f - worm
Aim: a worm (hasn't noticed you)
The magic dart hits the worm.
The worm is lightly wounded.
You now have 6/7 mp.
Casting: Magic Dart
Confirm with . or Enter, or press ? or * to list all spells.
Aiming: Magic Dart
Press: ? - help, Shift-Dir - straight line, f/p - worm
Aim: a worm (lightly wounded)
The magic dart hits the worm.
The worm is lightly wounded.
You now have 5/7 mp.
Casting: Magic Dart
Confirm with . or Enter, or press ? or * to list all spells.
Aiming: Magic Dart
Press: ? - help, Shift-Dir - straight line, f/p - worm
Aim: a worm (lightly wounded)
The magic dart hits the worm.
The worm is heavily wounded.
You now have 4/7 mp.
Casting: Magic Dart
Confirm with . or Enter, or press ? or * to list all spells.
Aiming: Magic Dart
Press: ? - help, Shift-Dir - straight line, f/p - worm
Aim: a worm (heavily wounded)
The magic dart hits the worm.
The worm is heavily wounded.
You now have 3/7 mp.
Casting: Magic Dart
Confirm with . or Enter, or press ? or * to list all spells.
Aiming: Magic Dart
Press: ? - help, Shift-Dir - straight line, f/p - worm
Aim: a worm (heavily wounded)
The magic dart hits the worm.
The worm is heavily wounded.
You now have 2/7 mp.
Casting: Magic Dart
Confirm with . or Enter, or press ? or * to list all spells.
Aiming: Magic Dart
Press: ? - help, Shift-Dir - straight line, f/p - worm
Aim: a worm (heavily wounded)
The magic dart hits the worm.
The worm is almost dead.
You now have 1/7 mp.
Casting: Magic Dart
Confirm with . or Enter, or press ? or * to list all spells.
Aiming: Magic Dart
Press: ? - help, Shift-Dir - straight line, f/p - worm
Aim: a worm (almost dead)
The magic dart hits the worm.
The worm is almost dead.
You now have 0/7 mp.
Casting: Magic Dart
Confirm with . or Enter, or press ? or * to list all spells.
You don't have enough magic to cast that spell.
Casting: Magic Dart
Confirm with . or Enter, or press ? or * to list all spells.
You don't have enough magic to cast that spell.
Casting: Magic Dart
Confirm with . or Enter, or press ? or * to list all spells.
You don't have enough magic to cast that spell.
A worm is nearby!
The worm bites you!
You take 9 damage, and have 15/24 hp.
MASSIVE DAMAGE!!
You hit the worm.
The worm is almost dead.
You hit the worm but do no damage.
The worm is almost dead.
The worm bites you!
* * * LOW HITPOINT WARNING * * *
You take 11 damage, and have 4/24 hp.
MASSIVE DAMAGE!!
Casting: Magic Dart
Confirm with . or Enter, or press ? or * to list all spells.
Aiming: Magic Dart
Press: ? - help, Shift-Dir - straight line, f/p - worm
Aim: a worm (almost dead)
The magic dart hits the worm.
The worm is almost dead.
The worm bites you!
Ouch! That really hurt!
You die...

.# .#########
######
............#....#
..#########.#....#
#.# ####.#....#
#.### #....#....##
....# #.##.. ..?
#...# #.##.##+#w#
#.#.####.##.##.#@#
#.#.#.....).##.#.#
#.#.#...(#.....#.#
#...(.#......<...#
###.#.####.....#.#
#.#.# ###...#.#
....# .....#..
##.### #.#......#.
#.# . #.........


You could see a worm.

Vanquished Creatures
  An adder (D:2)
  A worm (D:2)
  A dart slug (D:1)
  3 bats
  2 goblins (D:1)
  3 hobgoblins (D:1)
  2 frilled lizards (D:1)
  8 kobolds
  7 rats
28 creatures vanquished.

Notes
Turn   | Place    | Note
-------+----------+-------------------------------------------
     0 | D:1      | Monsterracer the Human Wizard began the quest for the Orb.
     0 | D:1      | Reached XP level 1. HP: 13/13 MP: 4/4
    61 | D:1      | HP: 5/13 [rat (3)]
   446 | D:1      | Reached XP level 2. HP: 19/19 MP: 1/6
   855 | D:1      | Learned a level 2 spell: Blink
  1179 | D:1      | Reached XP level 3. HP: 24/24 MP: 4/7
  1187 | D:1      | Learned a level 3 spell: Conjure Flame
  2205 | D:2      | HP: 4/24 [worm (11)]
  2206 | D:2      | Mangled by a worm

Skill      XL: |  1  2  3 |
---------------+----------+-----
Conjurations   | 2 3 |  3.2
Dodging        | |  2.0
Stealth        | |  2.0
Spellcasting   | |  3.0
Summonings     | |  1.0
Translocations | |  1.0

Action                   || total
-------------------------++-------
Melee: Unarmed           ||    26
       Dagger            ||     8
 Cast: Magic Dart        ||    76
  Eat: Chunk             ||     2
Armor: Robe              ||     1
Dodge: Dodged            ||    29

Vault maps used:
D:1:      lemuel_arrival_lava_pool, minivault_26, lemuel_another_geyser
D:2:      led_sif_pool, cheibriados_altar_1, first_ration
